 Dungeon Crawl Stone Soup version 0.30-a0-986-g7f2e898f52 (webtiles) character file.

Game seed: 1214121006649912965

98209 629fm the Warrior (level 16, -1/97 HPs)
             Began as a Gargoyle Fighter on Apr 2, 2023.
             Was the Champion of Okawaru.
             Slain by an orc knight
             ... wielding a +2 great sword of flaming
              (8 damage)
             ... in the Arena.
             The game lasted 00:32:48 (26361 turns).

629fm the Warrior (Gargoyle Fighter)               Turns: 26361, Time: 00:32:48

Health: -1/97      AC: 40    Str: 30    XL:     16   Next: 21%
Magic:  17/24      EV:  8    Int: 12    God:    Okawaru [******]
Gold:   1932       SH:  5    Dex: 12    Spells: 15/15 levels left

rFire   + . .      SeeInvis +    H - +2 demon whip (vamp)
rCold   . . .      Faith    .    (no shield)
rNeg    + + .      Spirit   .    f - +4 plate armour of Rationality {SInv}
rPois   ∞          Reflect  +    t - +1 helmet
rElec   +          Rampage  .    Z - +0 cloak
rCorr   .                        D - +0 pair of gloves
Will    ++...                    c - +0 pair of boots Stlth
                                 o - amulet of reflection
HPRegen 0.36/turn                q - ring "Kockigry" {rElec rN+ Str+3 Dex+3}
MPRegen 0.19/turn                g - ring "Jugacal" {rF+ Will+ Int+2 SInv}

@: flying, duelling
A: sickness immunity, AC +12, big wings, negative energy resistance 1,
electricity resistance, torment resistance 1, petrification resistance, frail 1
a: Renounce Religion, Heroism, Finesse, Duel


You were in the Arena.
You worshipped Okawaru.
Okawaru was exalted by your worship.
You visited 4 branches of the dungeon, and saw 23 of its levels.

You collected 1999 gold pieces.
You spent 67 gold pieces at shops.

Inventory:

Hand Weapons
 a - a +1 flail of freezing
 s - a +0 mace of protection
 H - a +2 vampiric demon whip (weapon)
 P - a +3 mace of draining
 R - a +4 demon whip of flaming
 V - the +2 morningstar "Fouxeenk" {flame, Int+3}
   (Okawaru gifted it to you on level 5 of the Lair of Beasts)

   Int:       It affects your intelligence (+3).
Missiles
 O - a throwing net
Armour
 c - a +0 pair of boots (worn)
 f - the +4 plate armour of Rationality (worn) {SInv}
   (You acquired it on level 4 of the Dungeon)

   SInv:      It lets you see invisible.
 t - a +1 helmet (worn)
 D - a +0 pair of gloves (worn)
 G - a +0 kite shield
 Y - the +3 buckler of the Pirate {rPois rF+ MP+9 Dex+4}
   (Okawaru gifted it to you on level 13 of the Dungeon)

   Dex:       It affects your dexterity (+4).
   rF:        It protects you from fire.
   rPois:     It protects you from poison.
   MP:        It affects your magic capacity (+9).
 Z - a +0 cloak (worn)
Jewellery
 g - the ring "Jugacal" (right hand) {rF+ Will+ Int+2 SInv}
   (You acquired it on level 4 of the Dungeon)

   [ring of protection from fire]

   Int:       It affects your intelligence (+2).
   rF:        It protects you from fire.
   SInv:      It lets you see invisible.
   Will:      It increases your willpower.
 o - an amulet of reflection (around neck)
 p - a ring of fire
 q - the ring "Kockigry" (left hand) {rElec rN+ Str+3 Dex+3}
   (You found it on level 5 of the Dungeon)

   [ring of positive energy]

   Str:       It affects your strength (+3).
   Dex:       It affects your dexterity (+3).
   rElec:     It insulates you from electricity.
   rN:        It protects you from negative energy.
 r - a ring of see invisible
 A - a ring of magical power
 I - a +6 ring of strength
 J - the ring "Puontauf" {Fly rC+ Int+5}
   (You found it on level 11 of the Dungeon)

   [ring of protection from cold]

   Int:       It affects your intelligence (+5).
   rC:        It protects you from cold.
   Fly:       It grants you flight.
 N - a ring of resist corrosion
 Q - an amulet of faith
 T - a ring of ice
 W - a ring of protection from fire
Wands
 y - a wand of paralysis (15) (quivered)
 B - a wand of digging (2)
 E - a wand of mindburst (16)
 F - a wand of flame (29)
 K - a wand of polymorph (10)
 L - a wand of iceblast (19)
Scrolls
 b - 2 scrolls of blinking
 i - a scroll of identify
 z - 6 scrolls of teleportation
 X - a scroll of fear
Potions
 d - 2 potions of might
 e - 5 potions of brilliance
 h - 3 potions of haste
 j - 3 potions of flight
 k - 2 potions of cancellation
 l - 4 potions of heal wounds
 n - 2 potions of berserk rage
 u - 4 potions of mutation
 v - 2 potions of ambrosia
 w - 12 potions of curing
 x - 3 potions of resistance
 C - 3 potions of invisibility
 M - 2 potions of attraction
 S - 2 potions of lignification


   Skills:
 + Level 15.1 Fighting
 + Level 13.7 Maces & Flails
 + Level 15.1 Armour
 + Level 15.1 Shields
 - Level 11.2 Invocations


You had 15 spell levels left.
You didn't know any spells.
Your spell library contained the following spells:

 Spells                   Type           Power      Damage    Failure   Level
 Foxfire                  Conj/Fire      0%         2x1d2     87%         1
 Freeze                   Ice            0%         1d3       87%         1
 Kiss of Death            Conj/Necr      0%         2d5       87%         1
 Ensorcelled Hibernation  Hex/Ice        0%         N/A       95%         2
 Passwall                 Tmut/Erth      0%         N/A       95%         2
 Confusing Touch          Hex            0%         N/A       99%         3
 Dazzling Flash           Conj/Hex       0%         N/A       99%         3
 Frozen Ramparts          Ice            0%         1d1       99%         3
 Hailstorm                Conj/Ice       0%         3d3       99%         3
 Ozocubu's Armour         Ice            0%         N/A       99%         3
 Stone Arrow              Conj/Erth      0%         3d7       99%         3
 Swiftness                Air            0%         N/A       99%         3
 Dispel Undead            Necr           0%         3d6       100%        4
 Passage of Golubria      Tloc           0%         N/A       100%        4
 Petrify                  Tmut/Erth      0%         N/A       100%        4
 Agony                    Necr           0%         N/A       100%        5
 Fireball                 Conj/Fire      0%         3d3       100%        5
 Irradiate                Conj/Tmut      0%         3d11      100%        5
 Silence                  Hex/Air        0%         N/A       100%        5
 Yara's Violent Unravell  Hex/Tmut       0%         3d3       100%        5
 Starburst                Conj/Fire      0%         6d3       100%        6
 Ozocubu's Refrigeration  Ice            0%         4d7       100%        7
 Lehudib's Crystal Spear  Conj/Erth      0%         10d2      100%        8
 Sublimation of Blood     Necr           Unusable   N/A       N/A         2
 Tukima's Dance           Hex            Unusable   N/A       N/A         3
 Animate Armour           Summ/Erth      Unusable   N/A       N/A         4

Dungeon Overview and Level Annotations

Branches:
Dungeon (15/15)            Temple (1/1) D:4            Lair (5/5) D:10
 Shoals (0/4) Lair:3       Spider (0/4) Lair:3        Slime (0/5) Lair:5
    Orc (2/2) D:10         Vaults (0/5) D:13         Depths (0/4) D:15
    Elf: Orc:2

Altars:
Ashenzari
Cheibriados
Dithmenos
Elyvilon
Fedhas
Gozag
Hepliaklqana
Kikubaaqudgha
Makhleb
Nemelex Xobeh
Okawaru
Qazlal
Ru
Sif Muna
Trog
Uskayaw
Vehumet
Wu Jian
Xom
Yredelemnul
Zin
The Shining One

Shops:
D:2 !   D:9 *   D:13 *   Orc:2 :

Portals:
Abyss: D:14

Annotations:
D:7 2 transporters, CryoSword's ghost, novice TeAE
D:14 2 transporters, Hallut's ghost, journeyman OgFi
D:15 3 runed translucent doors, CryoSword's ghost, journeyman DgAE
Lair:2 3 runed translucent doors, Banquo's ghost, journeyman DjMo; Kuef's ghost, journeyman MiFi; Ycuon's ghost, journeyman TrCj; libidonplus's ghost, journeyman OpEn; svtm's ghost, journeyman MiFi
Orc:2 1 runed translucent door, Mulkerokala's ghost, adept KoNe


Innate Abilities, Weirdness & Mutations

You are immune to sickness and miasma.
Your stone body is resilient. (AC +12)
You are immune to poison.
Your large and strong wings let you fly.
You resist negative energy. (rN+)
You are resistant to electric shocks. (rElec)
You are resistant to unholy torment.
You are immune to petrification.
You are frail. (-10% HP)


Message History

Okawaru accepts your kill.
You hit the orc wizard but do no damage.
The orc warrior barely misses you.
The orc wizard hits you but does no damage.
The orc knight hits you with a +2 great sword of flaming!!!
* * * LOW HITPOINT WARNING * * *
The orc knight burns you.
* * * LOW HITPOINT WARNING * * *
The orc high priest mumbles some strange prayers to Beogh against you.
Beogh smites you!
* * * LOW HITPOINT WARNING * * *
Aiming: Duel (8% risk of failure)
Press: ? - help, Dir - move target, f - orc wizard
Aim: an orc wizard, wielding a +0 dagger and wearing a +0 robe (strong)
The orc wizard is not worthy to be dueled!
Aiming: Duel (8% risk of failure)
Press: ? - help, Dir - move target, f - orc knight, p - orc wizard
Aim: an orc knight, wielding a +2 great sword of flaming and wearing a +0 chain mail (strong)
You enter into single combat with the orc knight!
The world spins around you as you enter the gateway.
You enter Okawaru's Arena!
The spectator shouts! x6
Found a gate leading back out of this place.
There is an empty arch of ancient stone here.
You thrash the orc knight!!
The orc knight is moderately wounded.
The orc knight hits you with a +2 great sword of flaming!
* * * LOW HITPOINT WARNING * * *
You barely miss the orc knight.
The orc knight is moderately wounded.
You whack the orc knight!
You feel better.
The orc knight is heavily wounded.
The orc knight hits you but does no damage.
You barely miss the orc knight.
The orc knight is heavily wounded.
You hit the orc knight but do no damage.
The orc knight is heavily wounded.
The orc knight hits you with a +2 great sword of flaming!
You die...
Okawaru crowns the orc knight victorious!

###############
#...p.p▓pp....#
#▓▓▓▓▓▓▓▓▓▓▓▓▓#
#......o......#
#.8....@....8.#
#.............#
#▓▓▓▓▓▓▓▓▓▓▓▓▓#
#.p▓.p▓∩▓p.▓p.#
###############


You could see an orc knight (strong).

Vanquished Creatures
  Kirke (D:14)
  Snorg (D:14)
  2 fire dragons
  Erolcha (D:12)
  7 hydras
  2 catoblepae (Lair:5)
  3 ogre magi
  A death knight (D:15)
  5 boulder beetles
  18 two-headed ogres
  2 tengu warriors
  16 death yaks
  Urug (Lair:4)
  A vampire mage (D:15)
  A titan zombie (D:15)
  2 skysharks
  6 skeletal warriors
  An orb spider (Lair:3)
  A lindwurm (Lair:5)
  A goliath frog (shapeshifter) (D:12)
  A golden dragon skeleton (D:15)
  5 deep elf pyromancers
  A necromancer (D:15)
  A wizard (D:13)
  An orc knight (D:15)
  6 ugly things
  2 oklob plants
  A stone giant zombie (D:15)
  3 orc sorcerers
  4 cyclopes
  A merfolk siren (Lair:3)
  Maurice (D:8)
  6 black mambas
  4 manticores
  4 molten gargoyles
  6 elephants (Lair:4)
  2 gargoyles
  3 torpor snails (Lair:4)
  6 cane toads
  10 komodo dragons
  An unseen horror (D:11)
  A freezing wraith (D:14)
  2 tengu conjurers
  An efreet (D:14)
  6 polar bears
  2 ice devils (D:11)
  7 trolls
  2 wolf spider simulacra
  3 meliai (D:14)
  Prince Ribbit (D:8)
  A hornet (D:8)
  19 blink frogs
  5 dream sheep (Lair:4)
  3 shadows
  4 slime creatures (D:13)
  4 wraiths
  50 yaks
  6 basilisks
  4 humans (D:14)
  An unseen horror simulacrum (D:9)
  2 wyverns (Lair:5)
  3 hogs (D:13)
  2 steam dragons
  9 vampire mosquitoes
  A glowing shapeshifter zombie (D:15)
  2 wargs
  4 hell hounds (Lair:5)
  4 acid dragons
  A floating eye (shapeshifter) (D:15)
  13 water moccasins
  11 orc warriors
  A sky beast (D:8)
  2 black bears
  4 ice beasts
  10 ogres
  12 wolves
  4 boggarts (D:15)
  3 centaurs
  3 phantoms
  4 kobold brigands
  14 bullfrogs
  2 scorpions
  7 wights
  5 killer bees (D:8)
  4 jellies
  4 howler monkeys
  6 lava snakes
  15 orc priests
  4 hounds
  2 iguanas
  Terence (D:3)
  Natasha (thrice) (D:4)
  16 orc wizards
  6 hell rats (Lair:2)
  A centaur simulacrum (D:9)
  Robin (D:2)
  7 gnolls
  11 adders
  A shadow imp (D:8)
  5 white imps
  An ufetubus (D:9)
  A worm (D:3)
  3 dart slugs
  51 orcs
  A bat (D:2)
  4 endoplasms
  5 giant cockroaches
  18 goblins
  9 hobgoblins
  5 quokkas
  4 ball pythons
  3 frilled lizards
  2 goblin skeletons (D:5)
  2 hobgoblin zombies (D:5)
  19 kobolds
  6 orc zombies (D:5)
  5 rats
  A spectral orc (D:7)
  A bush (Lair:3)
615 creatures vanquished.

Vanquished Creatures (others)
  An orc wizard (Orc:2)
  2 orcs
  30 fungi
  53 plants
  5 toadstools (D:1)
  A withered plant (D:15)
92 creatures vanquished.

Grand Total: 707 creatures vanquished

Notes
Turn   | Place    | Note
-------+----------+-------------------------------------------
     0 | D:1      | 629fm the Gargoyle Fighter began the quest for the Orb.
     0 | D:1      | Reached XP level 1. HP: 14/14 MP: 1/1
   237 | D:1      | Reached XP level 2. HP: 15/19 MP: 2/2
   407 | D:1      | Found a faded altar of an unknown god.
   789 | D:2      | Found Destirekhli's Distillery.
   886 | D:2      | Reached XP level 3. HP: 19/23 MP: 3/3
   939 | D:2      | Noticed Robin
   978 | D:2      | Killed Robin
  1082 | D:2      | Reached XP level 4. HP: 29/29 MP: 4/4
  1599 | D:3      | Noticed Terence
  1602 | D:3      | Killed Terence
  1603 | D:3      | Reached XP level 5. HP: 33/33 MP: 5/5
  1850 | D:3      | Found a stormy altar of Qazlal.
  2790 | D:4      | Reached XP level 6. HP: 24/39 MP: 6/6
  2856 | D:4      | Noticed Natasha
  3105 | D:4      | Identified 2 scrolls of acquirement
  3110 | D:4      | Acquired the +4 plate armour of Rationality {SInv}
  3112 | D:4      | Acquired the ring "Jugacal" {rF+ Will+ Int+2 SInv}
  3337 | D:4      | Found a sparkling altar of Nemelex Xobeh.
  3338 | D:4      | Found a shimmering altar of Xom.
  3359 | D:4      | Reached skill level 5 in Fighting
  3508 | D:4      | Reached skill level 5 in Armour
  3508 | D:4      | Reached skill level 5 in Shields
  3508 | D:4      | Reached XP level 7. HP: 44/44 MP: 7/7
  3636 | D:4      | Killed Natasha
  3672 | D:4      | Noticed Natasha
  3687 | D:4      | Killed Natasha
  3890 | D:4      | Found a staircase to the Ecumenical Temple.
  3904 | Temple   | Entered the Ecumenical Temple
  4347 | D:5      | Entered Level 5 of the Dungeon
  4399 | D:5      | Found a glowing golden altar of the Shining One.
  4470 | D:5      | Identified the ring "Kockigry" {rElec rN+ Str+3 Dex+3}
  4836 | D:5      | Reached XP level 8. HP: 34/51 MP: 8/8
  5151 | D:5      | Reached skill level 5 in Maces & Flails
  6393 | D:7      | Found an iron altar of Okawaru.
  6393 | D:7      | Found a bloodstained altar of Trog.
  6404 | D:7      | Became a worshipper of Warmaster Okawaru
  6512 | D:7      | Reached XP level 9. HP: 56/56 MP: 9/9
  6602 | D:7      | Found a basalt altar of Yredelemnul.
  6715 | D:7      | Found a transporter.
  6826 | D:7      | Noticed CryoSword's ghost (novice TeAE)
  6984 | D:7      | Found a transporter.
  7349 | D:8      | Reached * piety under Okawaru
  7614 | D:8      | Noticed a hornet
  7625 | D:8      | Killed a hornet
  7642 | D:8      | Noticed a two-headed ogre
  7651 | D:8      | Killed a two-headed ogre
  7651 | D:8      | Reached ** piety under Okawaru
  7652 | D:8      | Reached XP level 10. HP: 53/65 MP: 10/10
  7952 | D:8      | Found an opulent altar of Gozag.
  7991 | D:8      | Noticed Maurice
  7995 | D:8      | Noticed Prince Ribbit
  7998 | D:8      | Killed Maurice
  8012 | D:8      | Killed Prince Ribbit
  8012 | D:8      | Reached *** piety under Okawaru
  8873 | D:9      | Reached **** piety under Okawaru
  9082 | D:9      | Reached skill level 1 in Invocations
  9097 | D:9      | Reached XP level 11. HP: 56/71 MP: 10/12
  9477 | D:9      | Found Edixesk's Gadget Gallery.
  9534 | D:10     | Entered Level 10 of the Dungeon
  9730 | D:10     | Reached ***** piety under Okawaru
  9874 | D:10     | Reached skill level 10 in Fighting
  9874 | D:10     | Reached skill level 10 in Armour
  9902 | D:10     | Found a staircase to the Orcish Mines.
 10011 | D:10     | Reached skill level 10 in Shields
 10231 | D:10     | Found a staircase to the Lair.
 10546 | D:11     | Identified the +0 plate armour "Raohione" {Str+3 Slay-5}
                  | (Okawaru gifted it to you on level 11 of the Dungeon)
 10546 | D:11     | Received a gift from Okawaru
 10781 | D:11     | Identified the ring "Puontauf" {Fly rC+ Int+5}
 10849 | D:11     | Noticed a boulder beetle
 10900 | D:11     | Killed a boulder beetle
 11086 | D:11     | Noticed a tengu warrior
 11093 | D:11     | Killed a tengu warrior
 11201 | D:11     | Found a frozen archway.
 11660 | D:12     | Noticed Erolcha
 11672 | D:12     | Killed Erolcha
 11673 | D:12     | Reached XP level 12. HP: 57/79 MP: 15/15
 11809 | D:11     | Reached skill level 5 in Invocations
 12861 | D:12     | Noticed a boulder beetle
 12896 | D:12     | Killed a boulder beetle
 12897 | D:12     | Reached skill level 10 in Maces & Flails
 13096 | Lair:1   | Entered Level 1 of the Lair of Beasts
 13184 | Lair:1   | Received a gift from Okawaru
 14397 | D:4      | Noticed Natasha
 14404 | D:4      | Killed Natasha
 14548 | D:10     | Reached ****** piety under Okawaru
 14901 | Lair:2   | Reached XP level 13. HP: 85/85 MP: 18/18
 14960 | Lair:2   | Received a gift from Okawaru
 15267 | Lair:2   | Found a runed translucent gate.
 15268 | Lair:2   | Found a runed translucent gate.
 15269 | Lair:2   | Found a runed translucent gate.
 15270 | Lair:2   | Noticed Kuef's ghost (journeyman MiFi)
 15270 | Lair:2   | Noticed svtm's ghost (journeyman MiFi)
 15270 | Lair:2   | Noticed Ycuon's ghost (journeyman TrCj)
 15271 | Lair:2   | Noticed Banquo's ghost (journeyman DjMo)
 15271 | Lair:2   | Noticed libidonplus's ghost (journeyman OpEn)
 15912 | Lair:3   | Found a hole to the Spider Nest.
 15961 | Lair:3   | Identified the +2 leather armour "Qomilet" {rF+}
 15970 | Lair:3   | You fall into a shaft and drop 2 floors!
 15970 | Lair:5   | Entered Level 5 of the Lair of Beasts
 16095 | Lair:5   | Received a gift from Okawaru
 16340 | Lair:5   | Found a staircase to the Slime Pits.
 17136 | Lair:3   | Found a staircase to the Shoals.
 17151 | Lair:3   | Received a gift from Okawaru
 17291 | Lair:3   | Gained mutation: Your large and strong wings let you fly.
                  | [Gargoyle growth]
 17291 | Lair:3   | Reached XP level 14. HP: 32/92 MP: 20/20
 17943 | Lair:4   | Noticed Urug
 17961 | Lair:4   | Killed Urug
 18274 | Lair:4   | Received a gift from Okawaru
 19358 | Lair:5   | Identified the +2 morningstar "Fouxeenk" {flame, Int+3}
                  | (Okawaru gifted it to you on level 5 of the Lair of Beasts)
 19358 | Lair:5   | Received a gift from Okawaru
 19688 | Lair:5   | Reached skill level 10 in Invocations
 19774 | Lair:5   | Found a large runed translucent door.
 19774 | Lair:5   | Found a large runed translucent door.
 20864 | Lair:5   | Identified the staff of conjuration "Jeyrenaj" {Dex+3}
 21114 | D:13     | Identified the +3 buckler of the Pirate {rPois rF+ MP+9
                  | Dex+4} (Okawaru gifted it to you on level 13 of the
                  | Dungeon)
 21114 | D:13     | Received a gift from Okawaru
 21115 | D:13     | Reached XP level 15. HP: 93/100 MP: 22/22
 21309 | D:13     | Found Focsoepu's Neck Hole.
 21316 | D:13     | Bought a +0 cloak for 67 gold pieces
 21439 | D:13     | Found a gate to the Vaults.
 21949 | D:13     | Identified the +1 robe "Liudeoj" {Regen+ Int+3 Stlth-
                  | Archmagi}
 22066 | D:14     | Noticed Kirke
 22111 | D:14     | Killed Kirke
 22280 | D:14     | HP: 3/100 [molten gargoyle/+0 mace of draining (6)]
 22947 | D:14     | Noticed Snorg
 22970 | D:14     | Killed Snorg
 23020 | D:14     | Found a transporter.
 23028 | D:14     | Noticed a daeva
 23045 | D:14     | Found a transporter.
 23528 | D:14     | Noticed Hallut's ghost (journeyman OgFi)
 23538 | D:14     | Found a one-way gate to the infinite horrors of the Abyss.
 23941 | D:15     | Entered Level 15 of the Dungeon
 24387 | D:15     | Found a staircase to the Depths.
 24880 | D:15     | Received a gift from Okawaru
 25098 | D:15     | Reached XP level 16. HP: 107/107 MP: 24/24
 25141 | D:15     | Reached skill level 15 in Fighting
 25181 | D:15     | Reached skill level 15 in Armour
 25181 | D:15     | Reached skill level 15 in Shields
 25478 | D:15     | Found a runed translucent gate.
 25478 | D:15     | Found a runed translucent gate.
 25479 | D:15     | Found a runed translucent gate.
 25482 | D:15     | Noticed CryoSword's ghost (journeyman DgAE)
 25541 | D:15     | Found a shadowy altar of Dithmenos.
 25913 | Orc:1    | Entered Level 1 of the Orcish Mines
 25972 | Orc:2    | Entered Level 2 of the Orcish Mines
 26070 | Orc:2    | Found a runed translucent door.
 26086 | Orc:2    | Found a shimmering altar of Xom.
 26086 | Orc:2    | Noticed Mulkerokala's ghost (adept KoNe)
 26136 | Orc:2    | Received a gift from Okawaru
 26323 | Orc:2    | Gained mutation: You are frail. (-10% HP) [a neqoxec]
 26325 | Orc:2    | Found Arasmirph's Book Shoppe.
 26356 | Arena    | Entered the Arena
 26357 | Arena    | HP: 4/97 [orc knight/+2 great sword of flaming (7)]
 26361 | Arena    | Slain by an orc knight

Illustrated notes

Levels and vault maps discovered:
D:1:      ldierk_walled_garden, layout_basic, dreamdust_ecumenical_altar_grove
D:2:      layout_loops_ring, serial_shops, nicolae_shop_statue_plus, uniq_robin
D:3:      cheibrodos_old_hovel, layout_loops_ring, grunt_qazlal_clouds,
          serial_co_window_serial, co_window_of_opportunity_a,
          co_window_corner_a, co_window_of_opportunity_a,
          co_window_of_opportunity_a, co_window_corner_a, co_window_paths_a,
          co_window_broadway_c, co_window_of_opportunity_c,
          co_window_broadway_c, co_window_corner_b, co_window_corner_b,
          co_window_paths_c, co_window_corner_b, glass_columns_b,
          glass_columns_b, st_stairs_12, grunt_decor_fettered, uniq_terence
D:4:      layout_basic, jmf_multi_god_temple, minmay_temple_entry_crystal_x,
          enter_ossuary_5, minmay_misc_feat_more_columns, lemuel_flame_loot_1,
          uniq_natasha
D:5:      layout_loops_ring, nicolae_tso_besieged_by_evil,
          nicolae_zen_rock_garden
D:6:      layout_loops_corners
D:7:      layout_loops_cross, grunt_temple_overflow_bloody_war,
          yredelemnul_forgotten_temple_becter, gammafunk_ghost_stat_death
D:8:      minmay_slanted_spiral_squares, layout_loops_ring,
          grunt_gozag_breadcrumbs, uniq_maurice, uniq_prince_ribbit1
D:9:      layout_long_grid, serial_ice, serial_ice_h, serial_ice_o,
          serial_ice_b, serial_ice_n, nicolae_shop_gadgets
D:10:     layout_cave_pools, lair_entry_dummy, david_orc_3, moated_statue,
          serial_bayou_pond_c
D:11:     layout_irregular_city, portal_ice_cave_demonic_guard,
          chequers_serial_rivers_micro_a
D:12:     layout_stronghold, uniq_erolcha
D:13:     layout_basic, david_vaults_1, minmay_strange_pillars,
          nicolae_shop_sticking_my_neck_out
D:14:     layout_basic, gammafunk_ghost_abyssal_escape, serial_curves,
          eino_curves_03, eino_curves_02, eino_curves_01, uniq_kirke, uniq_snorg
D:15:     gammafunk_depths_entry_grave, layout_gridville,
          gammafunk_ghost_spectres, grunt_dithmenos_shadows,
          roderic_serpentine_path
Temple:   eino_temple_lava
Lair:1:   layout_chaotic_city
Lair:2:   layout_roguey, gammafunk_ghost_cemetery
Lair:3:   layout_cave_pods, minmay_shoals_entry_lonely_mermaid,
          nicolae_spider_entry_orb_guardian, serial_bayou_pond_a, st_stairs_12,
          minmay_lair_oklob_bushes
Lair:4:   nzn_winding_woodlands_three_and_one
          [nzn_winding_woodlands_5x15_lazy_stream,
          nzn_winding_woodlands_5x15_eye, nzn_winding_woodlands_5x15_zeroes,
          nzn_winding_woodlands_center_garden], layout_long_grid, uniq_urug
Lair:5:   cheibrodos_lair_end_hotspot, layout_regular_city,
          dpeg_slime_entry_enclosed
Orc:1:    layout_caves, basic_altar, gammafunk_ghost_split,
          nicolae_orc_bridge_out
Orc:2:    grunt_orc_cross, layout_diamond_mine, basic_altar, ebering_ghost_xom,
          nicolae_orc_crystal_geode
Arena

Skill      XL: |  1  2  3  4  5  6  7  8  9 10 11 12 13 14 15 16 |
---------------+-------------------------------------------------+-----
Fighting       | 4 5 6 8 9 10 11 12 13 14 15 | 15.1
Armour         | 4 5 6 8 9 10 11 12 13 14 15 | 15.1
Shields        | 4 5 6 8 9 10 11 12 13 14 15 | 15.1
Maces & Flails | 3 4 5 7 8 9 10 11 12 13 | 13.7
Invocations    | 1 4 7 8 10 11 | 11.2

Action                     |  1- 3 |  4- 6 |  7- 9 | 10-12 | 13-15 | 16-18 || total
---------------------------+-------+-------+-------+-------+-------+-------++-------
  Melee: Flail             |   105 |    39 |   188 |   875 |    38 |       ||  1245
         Mace              |       |   119 |   230 |       |       |       ||   349
         Demon whip        |       |       |       |       |  1445 |   273 ||  1718
         Punch             |       |       |       |       |    13 |     2 ||    15
 Invoke: Heroism           |       |       |       |       |     1 |       ||     1
         Duel              |       |       |       |       |       |     1 ||     1
  Evoke: Wand              |       |     4 |     2 |    21 |     3 |       ||    30
    Use: Scroll            |       |     9 |    11 |     4 |    11 |     2 ||    37
         Potion            |       |     3 |     1 |     2 |     2 |       ||     8
   Stab: Paralysed         |       |       |       |    16 |     4 |       ||    20
         Petrified         |       |       |       |       |    11 |       ||    11
         Petrifying        |       |       |       |       |     1 |       ||     1
 Armour: Scale mail        |    21 |       |       |       |       |       ||    21
         Chain mail        |    53 |   109 |       |       |       |       ||   162
         Plate armour      |       |    10 |   334 |   615 |   738 |   122 ||  1819
  Dodge: Dodged            |    47 |    62 |   135 |   199 |   268 |    72 ||   783
  Block: Buckler           |    30 |    44 |   196 |   253 |       |       ||   523
         Reflection        |       |       |     1 |    14 |     6 |     1 ||    22
         Kite shield       |       |       |       |   518 |   615 |       ||  1133
         Other             |       |       |       |       |    89 |    47 ||   136

Table legend: (Time is in decaauts)
 A = Elapsed time spent in this place.
 B = Non-inter-level travel time spent in this place.
 C = Inter-level travel time spent in this place.
 D = Time resting spent in this place.
 E = Time spent auto-exploring this place.
 F = Levels seen in this place.
 G = Mean time per level.
                   A        B        C        D        E       F      G
               +--------+--------+--------+--------+--------+-----+--------+
         Total |  25836 |  24284 |   1552 |   2264 |  16769 |  24 | 1076.5 |
       Dungeon |  18277 |  16981 |   1296 |   1423 |  11957 |  15 | 1218.5 |
        Temple |     74 |     68 |      6 |      0 |     45 |   1 |   74.0 |
          Lair |   7116 |   6882 |    234 |    841 |   4577 |   5 | 1423.2 |
  Orcish Mines |    365 |    351 |     14 |      0 |    189 |   2 |  182.5 |
         Arena |      2 |      2 |      0 |      0 |      0 |   1 |    2.0 |
               +--------+--------+--------+--------+--------+-----+--------+

Top non-repeatable levels by time:
    D:14: 1944 daAuts
  Lair:5: 1885 daAuts
     D:3: 1641 daAuts
  Lair:4: 1625 daAuts
     D:8: 1622 daAuts
  Lair:2: 1544 daAuts
    D:15: 1525 daAuts
    D:12: 1336 daAuts
    D:11: 1298 daAuts
     D:4: 1232 daAuts
    D:10: 1098 daAuts
     D:5: 1080 daAuts
  Lair:3: 1041 daAuts
    D:13: 1035 daAuts
  Lair:1: 1020 daAuts
